 Dungeon Crawl Stone Soup version 0.31-a0-1-g4198be8af4 (webtiles) character file.

Game seed: 5096892483915581923

88 cheesebisquit the Grave Robber (level 4, -4/37 HPs)
             Began as a Ghoul Necromancer on Apr 30, 2023.
             Slain by Natasha (7 damage)
             ... on level 2 of the Dungeon.
             The game lasted 00:04:46 (1751 turns).

cheesebisquit the Grave Robber (Ghoul Necromancer)  Turns: 1751, Time: 00:04:47

Health: -4/37      AC:  2    Str: 11    XL:     4   Next: 54%
Magic:  6/6        EV: 12    Int: 12    God:
Gold:   50         SH:  0    Dex:  9    Spells: 6/7 levels left

rFire   . .          .
                       - Unarmed
rCold   + . .        (no shield)
rNeg    + + +        a - +0 robe
rPois   ∞            (no helmet)
rElec   .            (no cloak)
rCorr   .            (no gloves)
SInv    .            (no boots)
Will    .....        (no amulet)
Stlth   ++           (no ring)
HPRegen 0.00/turn    (no ring)
MPRegen 0.10/turn

%: no passive effects
@: inhibited regen, slowed, very slow
A: claws 1, cold resistance 1, negative energy resistance 3, inhibited
regeneration, torment resistance 2, devour on kill
a: no special abilities


You were on level 2 of the Dungeon.
You visited 1 branch of the dungeon, and saw 2 of its levels.

You collected 50 gold pieces.

Inventory:

Armour
 a - a +0 robe (worn)
Scrolls
 c - a scroll of teleportation {unknown}
 e - 3 scrolls of identify {unknown}
 g - a scroll of fear {unknown}
Potions
 d - a potion of curing
 f - a potion of flight {unknown}


   Skills:
 * Level 2.3 Fighting
 - Level 1.7 Dodging
 - Level 2.1 Stealth
 * Level 2.2 Unarmed Combat
 + Level 2.2 Spellcasting
 + Level 4.3 Necromancy


You had 6 spell levels left.
You knew the following spells:

 Your Spells              Type           Power      Damage    Failure   Level
a - Necrotise             Necr           44%        1d6       4%          1

Your spell library contained the following spells:

 Spells                   Type           Power      Damage    Failure   Level
 Vampiric Draining        Necr           11%        2d6       13%         3
 Sting                    Tmut/Pois      4%         1d3       26%         1
 Poisonous Vapours        Pois/Air       2%         N/A       38%         2
 Animate Dead             Necr           11%        N/A       41%         4
 Agony                    Necr           11%        N/A       77%         5
 Olgreb's Toxic Radiance  Pois           1%         N/A       95%         4


Dungeon Overview and Level Annotations

Branches:
Dungeon (2/15)

Altars:

Annotations:
D:2 Natasha


Innate Abilities, Weirdness & Mutations

You are immune to poison.
You have sharp fingernails.
Your flesh is cold resistant. (rC+)
You are immune to negative energy. (rN+++)
You do not regenerate when monsters are visible.
You are immune to unholy pain and torment.
You thrive by killing the living.


Message History

You barely miss Natasha.
Natasha is almost dead.
Natasha drinks a potion.
Natasha is healed!
You closely miss Natasha.
Natasha is heavily wounded.
Natasha stares at you and mumbles some strange words.
You resist with some effort. Natasha casts a spell at you.
The magic dart hits you!
* * * LOW HITPOINT WARNING * * *
You are too injured to fight recklessly!
Aiming: Necrotise (safe; 4% risk of failure)
Press: ? - help, Q - select action Shift-Dir - straight line, f/p - Natasha
Aim: Natasha (heavily wounded, chance to affect: 65%) Natasha struggles to resist.
Natasha claws you but does no damage.
You scratch Natasha but do no damage.
Natasha is heavily wounded.
Natasha misses you.
Natasha stares at you and mumbles some strange words.
You resist with some effort.
You barely miss Natasha.
Natasha is heavily wounded.
Natasha claws you.
* * * LOW HITPOINT WARNING * * *
You closely miss Natasha.
Natasha is heavily wounded.
Natasha casts a spell.
Natasha closely misses you.
You feel better.
A bat comes into view.
Natasha barely misses you.
The cerulean imp hits you with a +0 spear.
The bat moves out of view.
Magic courses through your body. Natasha claws you.
* * * LOW HITPOINT WARNING * * *
The cerulean imp hits you with a +0 spear.
* * * LOW HITPOINT WARNING * * *
Natasha claws you!
You die...

#..........#####
#.....)........# #
>......#.##.......#.#
########.##.......#.#
#.##........<#
#.##.......###
...........#
####....5..#
####@#### #h# #g# .S.
.## #. .. ##


You could see Natasha, a cerulean imp (summoned), a goblin and a ball python.

Vanquished Creatures
  Natasha (D:2)
  2 adders (D:2)
  A worm (D:2)
  2 dart slugs (D:1)
  5 bats
  2 endoplasms (D:1)
  4 giant cockroaches (D:1)
  3 goblins
  3 hobgoblins
  3 jackals (D:1)
  2 quokkas (D:1)
  A ball python (D:1)
  4 frilled lizards
  2 kobolds
  2 rats
37 creatures vanquished.

Vanquished Creatures (collateral kills)
  A quokka (D:1)
1 creature vanquished.

Grand Total: 38 creatures vanquished

Notes
Turn   | Place    | Note
-------+----------+-------------------------------------------
     0 | D:1      | cheesebisquit the Ghoul Necromancer began the quest for the
                  | Orb.
     0 | D:1      | Reached XP level 1. HP: 14/14 MP: 2/2
   339 | D:1      | Reached XP level 2. HP: 21/22 MP: 0/3
   343 | D:1      | Reached skill level 1 in Unarmed Combat
   364 | D:1      | Reached skill level 1 in Fighting
   630 | D:1      | Reached XP level 3. HP: 28/28 MP: 0/5
  1439 | D:2      | Reached XP level 4. HP: 28/36 MP: 0/6
  1607 | D:2      | Noticed Natasha
  1613 | D:2      | Killed Natasha
  1736 | D:2      | Noticed Natasha
  1751 | D:2      | Slain by Natasha

Illustrated notes

Levels and vault maps discovered:
D:1:      dpeg_arrival_triangle_fractal, layout_basic
D:2:      layout_loops_ring, basic_altar, minmay_surrounded, uniq_natasha

Skill      XL: |  1  2  3  4 |
---------------+-------------+-----
Unarmed Combat | 1 2 |  2.2
Fighting       | 1 2 |  2.3
Spellcasting   | 2 |  2.2
Dodging        | |  1.7
Stealth        | |  2.1
Necromancy     | |  4.3

Action                     |  1- 3 |  4- 6 || total
---------------------------+-------+-------++-------
  Melee: Unarmed           |    45 |    13 ||    58
         Punch             |     1 |       ||     1
   Cast: Necrotise         |    61 |    23 ||    84
    Use: Potion            |       |     2 ||     2
 Armour: Robe              |     9 |     2 ||    11
  Dodge: Dodged            |    37 |    11 ||    48

Table legend: (Time is in decaauts)
 A = Elapsed time spent in this place.
 B = Non-inter-level travel time spent in this place.
 C = Inter-level travel time spent in this place.
 D = Time resting spent in this place.
 E = Time spent auto-exploring this place.
 F = Levels seen in this place.
 G = Mean time per level.
                   A        B        C        D        E       F      G
               +--------+--------+--------+--------+--------+-----+--------+
         Total |   1754 |   1753 |      1 |      0 |   1508 |   2 |  877.0 |
       Dungeon |   1754 |   1753 |      1 |      0 |   1508 |   2 |  877.0 |
               +--------+--------+--------+--------+--------+-----+--------+

Top non-repeatable levels by time:
     D:1: 1209 daAuts
     D:2: 544 daAuts
